[Event "Late Titled Tuesday Blitz February 8 2022"]
[White "Tregubov, Pavel V."]
[Black "Kubatko, Ivan"]
[WhiteFideId "4115341"]
[BlackFideId "24111473"]
[WhiteElo "2341"]
[BlackElo "2285"]
[Result "1-0"]
[Round "10"]
[TimeControl "180+1"]
[Date "2022.02.09"]
[WhiteClock "0:01:28"]
[BlackClock "0:00:26"]

1. e4 d5 2. exd5 Qxd5 3. Nc3 Qa5 4. d4 Qb4 5. a3 Qb6 6. Nf3 Bg4 7. h3 Bh5 8. Bc4 e6 9. g4 Bg6 10. d5 Nf6 11. dxe6 fxe6 12. Be3 Bc5 13. Bxc5 Qxc5 14. Bxe6 Nc6 15. Qe2 Bf7 16. O-O-O O-O 17. Rhe1 Rae8 18. Bxf7+ Kxf7 19. Qb5 Qxf2 20. Ng5+ Kg8 21. Qc4+ Kh8 22. Nf7+ Rxf7 23. Qxf7 Rxe1 24. Qf8+ Ng8 25. Qxf2 1-0


[Site "https://www.chess.com"]

[Event "Late Titled Tuesday Blitz February 8 2022"]
[White "Triapishko, Alexandr"]
[Black "Sargsyan, Anna M."]
[WhiteFideId "14122286"]
[BlackFideId "13308130"]
[WhiteElo "2479"]
[BlackElo "2271"]
[Result "1/2-1/2"]
[Round "10"]
[TimeControl "180+1"]
[Date "2022.02.08"]
[WhiteClock "0:00:07"]
[BlackClock "0:00:16"]

1. e4 e5 2. Nf3 Nc6 3. Bb5 a6 4. Ba4 Nf6 5. O-O Nxe4 6. d4 b5 7. Bb3 d5 8. dxe5 Be6 9. Nbd2 Be7 10. c3 O-O 11. Bc2 f5 12. exf6 Nxf6 13. Re1 Bg4 14. Nf1 Bc5 15. h3 Bxf3 16. gxf3 Qd7 17. Kg2 Nh5 18. b4 Bb6 19. a4 Rad8 20. Ng3 Nf4+ 21. Bxf4 Rxf4 22. axb5 axb5 23. Qd3 g6 24. Rad1 Qg7 25. Ne2 Ne5 26. Qxb5 Rxf3 27. Nd4 Qf6 28. Qe2 Qg5+ 29. Kh2 Rdf8 30. Rf1 Qf4+ 31. Kg2 Qg5+ 32. Kh2 R3f6 33. f4 Rxf4 34. Ne6 Rxf1 35. Rxf1 Rxf1 36. Nxg5 Rf2+ 37. Qxf2 Bxf2 38. Bb3 c6 39. b5 cxb5 40. Bxd5+ Kg7 41. Kg2 Be1 42. Ne4 h5 43. Be6 b4 44. cxb4 Bxb4 45. Ba2 Be7 46. Nf2 g5 47. Bd5 Kh6 48. Bf3 Ng6 49. Nd3 Nh4+ 50. Kf2 Bd6 51. Be2 Bc7 52. Kf1 Kg6 53. Nf2 Bg3 54. Bd3+ Kh6 55. Ne4 Bf4 56. Nf6 Ng6 57. Bxg6 Kxg6 58. Ne4 Kf5 59. Nf2 Ke5 60. Kg2 Kd4 61. Kf3 Be3 62. Ne4 Bf4 63. Nf6 g4+ 64. Kxf4 gxh3 65. Nxh5 h2 66. Ng3 Kd3 67. Nh1 Ke2 68. Kg3 Kf1 69. Kxh2 1/2-1/2


[Site "https://www.chess.com"]

[Event "Late Titled Tuesday Blitz February 8 2022"]
[White "Vargas Pereda, Jesus Manue"]
[Black "Zhou, Qiyu"]
[WhiteFideId "5115710"]
[BlackFideId "505161"]
[WhiteElo "1776"]
[BlackElo "1925"]
[Result "0-1"]
[Round "10"]
[TimeControl "180+1"]
[Date "2022.02.09"]
[WhiteClock "0:00:39"]
[BlackClock "0:00:05"]

1. d4 Nf6 2. Nf3 e6 3. Bf4 d5 4. e3 Bd6 5. Nbd2 c5 6. c3 Nc6 7. Bd3 Bxf4 8. exf4 Qd6 9. Ne5 cxd4 10. Nxc6 bxc6 11. cxd4 Qxf4 12. Nf3 O-O 13. O-O Rb8 14. b3 Bb7 15. Rc1 Qd6 16. Rc5 Nd7 17. Rc3 h6 18. b4 Qxb4 19. Rb3 Qd6 20. Bb1 Ba6 21. Re1 Bb5 22. Ne5 Nf6 23. Rg3 Kh8 24. Qd2 Bc4 25. Qf4 Qb4 26. Rc1 Qxb1 27. h3 Qf5 28. Qh4 Rb1 29. Rxb1 Qxb1+ 30. Kh2 Qe4 31. Ng4 Nxg4+ 32. Rxg4 Qf5 33. Qe7 Rg8 34. Rg3 Qxf2 35. Rf3 Qxd4 36. Qxf7 Qe5+ 37. g3 Rb8 38. h4 Rb2+ 39. Kh3 Rb8 40. h5 Bd3 41. g4 Be4 42. Rf2 Qc3+ 43. Kh2 Qc1 44. Rf1 Rb2+ 45. Kg3 Rg2+ 46. Kh4 Qg5+ 47. Kh3 Qxg4# 0-1


[Site "https://www.chess.com"]

[Event "Late Titled Tuesday Blitz February 8 2022"]
[White "Villegas, Pierre"]
[Black "Melaugh, Shane"]
[WhiteFideId "654183"]
[BlackFideId "2509580"]
[WhiteElo "2410"]
[BlackElo "2000"]
[Result "1-0"]
[Round "10"]
[TimeControl "180+1"]
[Date "2022.02.09"]
[WhiteClock "0:00:06"]
[BlackClock "0:00:12"]

1. d4 e6 2. c4 f5 3. Nc3 Nf6 4. g3 Bb4 5. Qb3 Bxc3+ 6. Qxc3 O-O 7. Bg2 d6 8. Nf3 Nbd7 9. O-O Qe7 10. b3 Rb8 11. Bb2 b6 12. Nd2 Bb7 13. Bxb7 Rxb7 14. Rae1 e5 15. e4 f4 16. gxf4 exf4 17. f3 c5 18. Re2 cxd4 19. Qxd4 Ne5 20. Rg2 Qe6 21. Nb1 b5 22. cxb5 Rxb5 23. Nc3 Rc5 24. Rd2 Rc6 25. Nd5 Nfd7 26. Qxa7 Rfc8 27. Nxf4 Qh6 28. Qe3 Rc2 29. Rxc2 Rxc2 30. Rf2 Rxf2 31. Kxf2 Qxh2+ 32. Ng2 Qh5 33. b4 Qf7 34. Qa3 Qc4 35. Ne3 Qb5 36. Qb3+ Kf8 37. a4 Qc6 38. Bxe5 Nxe5 39. Nd5 Qc1 40. b5 Qd2+ 41. Kf1 Nxf3 42. Qxf3+ Ke8 43. Qc3 Qd1+ 44. Kf2 Qxa4 45. b6 Kf7 46. b7 Qa2+ 47. Ke3 Qa7+ 48. Qd4 Qxb7 49. Qd3 Qa7+ 50. Qd4 Qa3+ 51. Kf4 Qh3 52. Ne3 Qh4+ 53. Kf3 Qe7 54. Nf5 Qf6 55. Qxf6+ Kxf6 56. Nxd6 Ke5 57. Nc4+ Ke6 58. Ne3 Kf6 59. Kf4 g6 60. e5+ Ke6 61. Ke4 h6 62. Nc2 h5 63. Nd4+ Ke7 64. Nf3 Kf7 65. Ng5+ Kg7 66. Kd5 Kh6 67. e6 Kxg5 68. e7 Kh4 69. e8=Q g5 70. Qg6 g4 71. Ke4 g3 72. Kf3 g2 73. Qg3# 1-0


[Site "https://www.chess.com"]

[Event "Late Titled Tuesday Blitz February 8 2022"]
[White "Vusatiuk, Vladimir"]
[Black "Golubka, Petro"]
[WhiteFideId "14118610"]
[BlackFideId "14114224"]
[WhiteElo "2157"]
[BlackElo "2392"]
[Result "0-1"]
[Round "10"]
[TimeControl "180+1"]
[Date "2022.02.09"]
[WhiteClock "0:00:02"]
[BlackClock "0:01:08"]

1. a3 a6 2. h3 h6 3. Nf3 Nf6 4. g4 b5 5. Bg2 Bb7 6. d3 e5 7. O-O d6 8. Nc3 Be7 9. e4 Nbd7 10. Nh2 h5 11. g5 Nh7 12. h4 Nhf8 13. f4 Ng6 14. fxe5 Nxh4 15. exd6 Bxg5 16. dxc7 Qxc7 17. Bxg5 Qc5+ 18. Kh1 Qxg5 19. Bh3 Ne5 20. Rg1 Qe3 21. Qf1 Rd8 22. Re1 Qh6 23. Qf2 g5 24. Ref1 Rh7 25. Qf6 Qxf6 26. Rxf6 g4 27. Bf1 Bc6 28. Ne2 Ke7 29. Rf2 Nhf3 30. Nxf3 Nxf3 31. Rg3 Ne5 32. Rg1 h4 33. Nf4 g3 34. Rd2 f5 35. Bg2 fxe4 36. Bxe4 Bxe4+ 37. dxe4 Rxd2 0-1


[Site "https://www.chess.com"]

[Event "Late Titled Tuesday Blitz February 8 2022"]
[White "Wachinger, Guenther"]
[Black "Kim, Sergey"]
[WhiteFideId "4604261"]
[BlackFideId "13700570"]
[WhiteElo "2212"]
[BlackElo "2613"]
[Result "1/2-1/2"]
[Round "10"]
[TimeControl "180+1"]
[Date "2022.02.09"]
[WhiteClock "0:00:13"]
[BlackClock "0:00:16"]

1. e4 e5 2. Nf3 Nc6 3. Nc3 Nf6 4. a3 g6 5. Bc4 Bg7 6. O-O O-O 7. d3 d6 8. Ba2 h6 9. Re1 Nh5 10. Be3 Kh7 11. d4 exd4 12. Nxd4 Ne5 13. h3 c6 14. f4 Nd7 15. Qf3 Qh4 16. Rad1 Nc5 17. b4 Ne6 18. Nxe6 Bxe6 19. Bxe6 fxe6 20. Ne2 d5 21. c4 Rae8 22. cxd5 exd5 23. exd5 cxd5 24. Bf2 Qf6 25. Bd4 Qh4 26. Bf2 Qf6 27. Rxd5 b6 28. Rd7 Rf7 29. Rxf7 Qxf7 30. g4 Nf6 31. Ng3 Rxe1+ 32. Bxe1 Qa2 33. f5 g5 34. Bf2 Nd5 35. Nh5 Be5 36. Kg2 Bd4 37. Kg1 Bxf2+ 38. Qxf2 Qxa3 39. Qd4 Qe3+ 40. Qxe3 Nxe3 41. Nf6+ Kg7 42. Ne8+ Kf8 43. Nd6 Nd5 44. Nc8 a5 45. bxa5 bxa5 46. Nd6 Ke7 47. Nc4 a4 48. Na3 Nf4 49. Kh2 Kd6 50. Kg3 Ne2+ 51. Kf3 Nd4+ 52. Ke4 Nc6 53. Nc4+ Kc5 54. Na3 Kb4 55. Nb1 Kc5 56. Na3 Kd6 57. Nc4+ Ke7 58. Na3 Nb4 59. Kd4 Kf6 60. Kc4 Nc6 61. Kd5 Nb4+ 62. Kc4 Nc6 63. Kd5 Ne7+ 64. Ke4 Nc8 65. Kd5 Nb6+ 66. Kc5 Nd7+ 67. Kd5 Ne5 68. Ke4 Nf7 69. Kd5 Ne5 70. Ke4 Nd7 71. Nc4 Nc5+ 72. Kd5 Nb3 73. Na3 Nd2 74. Kd4 Nf1 75. Ke4 Nd2+ 76. Kd3 Nf1 77. Ke2 Ng3+ 78. Kf3 Nxf5 79. gxf5 Kxf5 80. Nc4 h5 81. Na3 g4+ 82. hxg4+ hxg4+ 83. Kg3 Kg5 84. Nc4 Kh5 85. Na3 Kg5 86. Nc4 Kh5 87. Na3 Kg5 1/2-1/2


[Site "https://www.chess.com"]

[Event "Late Titled Tuesday Blitz February 8 2022"]
[White "Weetik, Vjacheslav"]
[Black "Ibarra Jerez, Jose Carlos"]
[WhiteFideId "4153472"]
[BlackFideId "2226332"]
[WhiteElo "2469"]
[BlackElo "2626"]
[Result "1-0"]
[Round "10"]
[TimeControl "180+1"]
[Date "2022.02.08"]
[WhiteClock "0:00:04"]
[BlackClock "0:00:03"]

1. e4 c5 2. Nf3 Nc6 3. Bb5 e5 4. O-O Bd6 5. c3 a6 6. Ba4 b5 7. Bc2 Nge7 8. a4 Rb8 9. axb5 axb5 10. d4 cxd4 11. cxd4 exd4 12. Nxd4 Nxd4 13. Qxd4 Qc7 14. Nc3 Bxh2+ 15. Kh1 Be5 16. Qd3 b4 17. Nd5 Nxd5 18. exd5 b3 19. Bb1 d6 20. Re1 Kf8 21. Bd2 h5 22. Ra4 g6 23. Rxe5 dxe5 24. Bc3 Bf5 25. Qe3 Re8 26. Bxf5 gxf5 27. Ra7 Qd6 28. Rb7 f4 29. Qe4 Qg6 30. Qxg6 fxg6 31. d6 Kg8 32. d7 Rd8 33. Bxe5 Rh7 34. Bxf4 Rhxd7 35. Rxb3 Kf7 36. Be3 Rd3 37. Rb7+ R8d7 38. Rb6 R3d5 39. Kh2 Rf5 40. b4 Rf6 41. Rb8 Re6 42. Bc5 Re8 43. Rb6 Rd5 44. Rb7+ Kf6 45. Rb6+ Kf5 46. Rb7 Re6 47. Rf7+ Rf6 48. Rc7 g5 49. Rc8 Rf7 50. Rh8 h4 51. Rg8 Kg4 52. Re8 Rd2 53. Re4+ Kf5 54. Re3 Rxf2 55. Rc3 Rb2 56. Rf3+ Kg6 57. Rd3 Rb3 58. Rxb3 Rb7 59. b5 Kf5 60. b6 g4 61. Kg1 Ke4 62. Kf1 Kd5 63. Bf2 g3 64. Be3 Kc4 65. Rb1 Kd3 66. Rb3+ Kc2 67. Ra3 Kb2 68. Ra7 Rb8 69. Rh7 Re8 70. Ke2 Kc3 71. Rxh4 1-0


[Site "https://www.chess.com"]

[Event "Late Titled Tuesday Blitz February 8 2022"]
[White "Xie, Bryan"]
[Black "Glavina, Pablo"]
[WhiteFideId "30941296"]
[BlackFideId "100234"]
[WhiteElo "1899"]
[BlackElo "2369"]
[Result "0-1"]
[Round "10"]
[TimeControl "180+1"]
[Date "2022.02.09"]
[WhiteClock "0:01:37"]
[BlackClock "0:02:44"]

1. e4 e5 2. Nf3 Nc6 3. Bc4 Nf6 4. d3 h6 5. O-O g6 6. c3 d6 7. Re1 Bg7 8. d4 O-O 9. d5 Ne7 10. Nbd2 g5 0-1


[Site "https://www.chess.com"]

[Event "Late Titled Tuesday Blitz February 8 2022"]
[White "Xiong, Jeffery"]
[Black "Indjic, Aleksandar"]
[WhiteFideId "2047640"]
[BlackFideId "911925"]
[WhiteElo "2727"]
[BlackElo "2616"]
[Result "1-0"]
[Round "10"]
[TimeControl "180+1"]
[Date "2022.02.08"]
[WhiteClock "0:00:02"]
[BlackClock "0:00:02"]

1. e4 d6 2. d4 Nf6 3. Nc3 g6 4. Be3 c6 5. Qd2 b5 6. f3 Nbd7 7. a4 b4 8. Nd1 a5 9. c3 c5 10. Bb5 Ba6 11. Ne2 Bxb5 12. axb5 Qb8 13. c4 Bg7 14. b3 O-O 15. O-O Qc7 16. Nb2 Nb6 17. Na4 Nfd7 18. Nb2 Rfd8 19. Ra2 cxd4 20. Nxd4 Nc5 21. Qd1 Bxd4 22. Bxd4 f6 23. Kh1 Kf7 24. Bg1 Nbd7 25. Qc2 Nb7 26. Rfa1 Ndc5 27. Be3 Rac8 28. h4 e6 29. Rd1 Nd7 30. Na4 Ndc5 31. Nb2 Nd7 32. Rd2 Ne5 33. Qd1 Nd7 34. Nd3 Ndc5 35. Nf4 Ra8 36. Nd3 Qe7 37. Kg1 Qc7 38. Ra1 Qe7 39. Rda2 Qc7 40. Nf2 Rac8 41. Ng4 Nd7 42. Qd4 Ne5 43. Nf2 Nd7 44. Ng4 Ne5 45. Nxe5+ dxe5 46. Qb6 Rd3 47. Qxc7+ Rxc7 48. Bb6 Rc8 49. Bxa5 Rxb3 50. Bb6 Nd6 51. Ra7+ Kg8 52. Rd7 Nxc4 53. Bc7 Ra3 54. Rc1 Nb6 55. Rd8+ Rxd8 56. Bxd8 b3 57. Rb1 Nd7 58. b6 1-0


[Site "https://www.chess.com"]

[Event "Late Titled Tuesday Blitz February 8 2022"]
[White "Yoo, Christopher Woojin"]
[Black "Fier, Alexandr"]
[WhiteFideId "30909694"]
[BlackFideId "2107139"]
[WhiteElo "2105"]
[BlackElo "2569"]
[Result "1-0"]
[Round "10"]
[TimeControl "180+1"]
[Date "2022.02.08"]
[WhiteClock "0:00:04"]
[BlackClock "0:00:45"]

1. e4 Nf6 2. Nc3 d5 3. exd5 Nxd5 4. Bc4 c6 5. Nf3 g6 6. O-O Bg7 7. d4 O-O 8. Bg5 Be6 9. Qe2 Re8 10. Rfe1 Nc7 11. Rad1 Bxc4 12. Qxc4 Nd7 13. Qb3 Nb6 14. a4 Rb8 15. a5 Nbd5 16. Ne4 h6 17. Bh4 b6 18. axb6 axb6 19. c4 Nf6 20. Nxf6+ Bxf6 21. Bg3 Rb7 22. Ne5 Bxe5 23. Bxe5 b5 24. Qh3 h5 25. Qe3 Kh7 26. Qf3 f6 27. Qxc6 Qc8 28. Bxf6 bxc4 29. Rxe7+ Rxe7 30. Bxe7 Rxb2 31. Bd6 Rb7 32. Re1 Qe6 33. Rf1 Ra7 34. Qc5 Nb5 35. Be5 Rb7 36. Rb1 Qf5 37. Re1 Rf7 38. f3 Na7 39. Qxc4 Nc8 40. Bg3 Ne7 41. h4 Qd7 42. Qxf7+ Kh8 43. Be5# 1-0


[Site "https://www.chess.com"]

[Event "Late Titled Tuesday Blitz February 8 2022"]
[White "Zhigalko, Sergei"]
[Black "Sevian, Samuel"]
[WhiteFideId "13502956"]
[BlackFideId "2040506"]
[WhiteElo "2662"]
[BlackElo "2698"]
[Result "0-1"]
[Round "10"]
[TimeControl "180+1"]
[Date "2022.02.08"]
[WhiteClock "0:00:01"]
[BlackClock "0:00:20"]

1. e4 e5 2. Nf3 Nf6 3. d4 Nxe4 4. Bd3 Nc6 5. d5 Nc5 6. dxc6 e4 7. cxb7 Bxb7 8. Be2 exf3 9. Bxf3 Bxf3 10. Qxf3 Be7 11. O-O c6 12. Rd1 O-O 13. Be3 Ne6 14. Nd2 Rb8 15. Nb3 a5 16. a4 d5 17. h3 Bd6 18. Bd2 Bc7 19. Bc3 Ng5 20. Qg4 f5 21. Qh5 Ne4 22. Nd4 Qd6 23. Nf3 Bb6 24. Nd4 g6 25. Qf3 Rfe8 26. Re1 Bc7 27. g3 Re7 28. Rad1 Rbe8 29. Nb3 c5 30. Kg2 d4 31. Bxa5 Ng5 32. Rxe7 Nxf3 33. Rxe8+ Kf7 34. Bxc7 Qxc7 35. Rh8 Qc6 36. Rxh7+ Kg8 37. Ra7 Nh4+ 38. Kf1 Qg2+ 39. Ke2 Qe4+ 40. Kd2 c4 41. gxh4 cxb3 42. cxb3 d3 43. Re1 Qb4+ 44. Kxd3 Qxe1 45. Ra8+ Kg7 46. Re8 Qxe8 0-1


[Site "https://www.chess.com"]

[Event "Late Titled Tuesday Blitz February 8 2022"]
[White "Zhurbinsky, David"]
[Black "Garcia Martin, Marta"]
[WhiteFideId "2072904"]
[BlackFideId "32084030"]
[WhiteElo "2564"]
[BlackElo "2102"]
[Result "0-1"]
[Round "10"]
[TimeControl "180+1"]
[Date "2022.02.08"]
[WhiteClock "0:00:09"]
[BlackClock "0:00:13"]

1. e4 b6 2. d4 Bb7 3. Nc3 e6 4. Nf3 Bb4 5. Bd3 Nf6 6. Qe2 d5 7. e5 Ne4 8. Bd2 Bxc3 9. bxc3 Nc6 10. Bxe4 dxe4 11. Qxe4 Na5 12. Qd3 Qd5 13. O-O O-O 14. Nh4 f6 15. f4 Nc4 16. Rf3 fxe5 17. fxe5 Rxf3 18. Nxf3 Rf8 19. Rf1 Nxd2 20. Qxd2 Qxa2 21. h4 h6 22. h5 a5 23. Nh4 Rxf1+ 24. Kxf1 a4 25. Ng6 a3 26. Kg1 Qb1+ 27. Kh2 Qf1 28. d5 a2 29. Ne7+ Kf8 30. Ng6+ Ke8 31. dxe6 Qxg2+ 32. Qxg2 Bxg2 33. Kxg2 a1=Q 34. Kf3 Qxc3+ 35. Ke4 Qxc2+ 36. Kd5 Qc5+ 37. Ke4 b5 38. Kf5 Qf2+ 39. Ke4 b4 40. Nf4 b3 41. Kf5 b2 42. e7 b1=Q+ 43. Ke6 Qbb6+ 44. Kf5 Qbe3 45. Ke6 Qexf4 46. Kd5 Q2d4+ 47. Kc6 Qb6+ 48. Kd5 Qfd4# 0-1


[Site "https://www.chess.com"]

[Event "Late Titled Tuesday Blitz February 8 2022"]
[White "Andreikin, Dmitry"]
[Black "Sviridov, Valery"]
[WhiteFideId "4158814"]
[BlackFideId "4120680"]
[WhiteElo "2736"]
[BlackElo "2454"]
[Result "0-1"]
[Round "11"]
[TimeControl "180+1"]
[Date "2022.02.08"]
[WhiteClock "0:00:05"]
[BlackClock "0:00:10"]

1. d4 g6 2. e4 Bg7 3. Nf3 d6 4. Bc4 e6 5. O-O a6 6. Bb3 h6 7. c3 b6 8. Re1 Bb7 9. Nbd2 Nd7 10. Nf1 Ne7 11. Ng3 O-O 12. h4 c5 13. Bf4 cxd4 14. cxd4 Nf6 15. Rc1 Qd7 16. Qd2 Ng4 17. Nh2 Nxh2 18. Kxh2 Kh7 19. Qb4 Nc8 20. Qc3 Qd8 21. Kh3 a5 22. Qc7 Ra7 23. Qxd8 Rxd8 24. Be3 a4 25. Bd1 Ba8 26. f3 Ne7 27. Ne2 Kg8 28. Nc3 d5 29. e5 Bc6 30. Be2 b5 31. a3 Rb8 32. Na2 Bd7 33. Nb4 Bf8 34. g4 Nc8 35. Bd2 Nb6 36. h5 g5 37. Rf1 Nc4 38. Bxc4 bxc4 39. f4 gxf4 40. Rxf4 Be7 41. Rcf1 Be8 42. R4f2 Kg7 43. Rf6 Bxf6 44. Rxf6 c3 45. Bxh6+ Kh7 46. bxc3 Bb5 47. Bd2 Kg7 48. Kh4 Rc8 49. Kg5 Rac7 50. Rf3 Rg8 51. Kh4 Rgc8 52. Kg5 Rg8 53. Kf4 Rgc8 54. Kg3 Bc4 55. Be1 Bb3 56. Kh3 Bd1 57. Rd3 Bb3 58. Re3 Rh8 59. Na6 Rc6 60. Nc5 Rb8 61. Bh4 Bc2 62. Bf6+ Kg8 63. Rf3 Rb1 64. Kh4 Rh1+ 65. Kg5 Rg1 66. Rf4 Rb6 67. Kh6 Bd1 68. Kg5 Rb2 69. Bd8 Rbg2 70. Kf6 Rxg4 71. Rf2 R1g2 72. Rf1 Rg1 73. Rf2 Rh1 74. Ke7 Rg7 75. Nd7 Bxh5 76. Nf6+ Kh8 77. Kd6 Rgg1 78. Rb2 Kg7 79. Rb8 Kg6 80. Be7 Kf5 81. Rb4 Bg6 82. Rxa4 Rc1 83. Ra8 Rh3 84. Kd7 Rhxc3 85. Bc5 Rxc5 86. dxc5 Rxc5 87. Kd6 Rc1 88. Ra4 Rd1 89. Rb4 d4 90. a4 d3 91. Rd4 Kg5 92. a5 Ra1 93. Ne4+ Bxe4 94. Rxe4 Rxa5 95. Ke7 Rd5 96. Re1 d2 97. Rd1 Kf4 98. Kxf7 Kxe5 99. Ke7 Rd3 100. Kf7 Ke4 101. Kxe6 Ke3 102. Ke5 Ke2 103. Ra1 d1=Q 104. Rxd1 Rxd1 0-1


[Site "https://www.chess.com"]

[Event "Late Titled Tuesday Blitz February 8 2022"]
[White "Avazkhonov, Alikhon"]
[Black "Chabris, Christopher"]
[WhiteFideId "14208504"]
[BlackFideId "2005263"]
[WhiteElo "1739"]
[BlackElo "2293"]
[Result "1-0"]
[Round "11"]
[TimeControl "180+1"]
[Date "2022.02.09"]
[WhiteClock "0:00:03"]
[BlackClock "0:00:02"]

1. f4 d5 2. Nf3 Bg4 3. e3 Nf6 4. h3 Bxf3 5. Qxf3 c6 6. d4 Nbd7 7. Bd3 c5 8. c3 a6 9. O-O Qc7 10. Nd2 e6 11. g4 O-O-O 12. Rf2 Bd6 13. Nf1 Qc6 14. Ng3 g6 15. g5 Ng8 16. h4 h6 17. Bd2 Ne7 18. Kg2 f6 19. Qg4 Bc7 20. b4 c4 21. Bc2 Kb8 22. a4 hxg5 23. hxg5 fxg5 24. fxg5 e5 25. a5 exd4 26. exd4 Rhf8 27. Raf1 Rxf2+ 28. Rxf2 Rf8 29. Rxf8+ Nxf8 30. Bf4 Ne6 31. Bxc7+ Nxc7 32. Ne2 Ne6 33. Nf4 Nxf4+ 34. Qxf4+ Qc7 35. Qf6 Qd7 36. Kg3 Qc7+ 37. Qf4 Kc8 38. Ba4 Nf5+ 39. Kf3 Qe7 40. Bc2 Qe1 41. Bxf5+ gxf5 42. Qxf5+ 1-0


[Site "https://www.chess.com"]

[Event "Late Titled Tuesday Blitz February 8 2022"]
[White "Baker, Chris W"]
[Black "Degardin, Sylvain"]
[WhiteFideId "401676"]
[BlackFideId "20623070"]
[WhiteElo "2156"]
[BlackElo "2156"]
[Result "0-1"]
[Round "11"]
[TimeControl "180+1"]
[Date "2022.02.09"]
[WhiteClock "0:00:02"]
[BlackClock "0:00:41"]

1. e4 c5 2. Nc3 d6 3. f4 g6 4. Nf3 Bg7 5. Bc4 Nc6 6. O-O Nf6 7. d3 O-O 8. Kh1 Nd4 9. Nxd4 cxd4 10. Ne2 d5 11. exd5 Nxd5 12. Qe1 e6 13. Qf2 Ne3 14. Bxe3 dxe3 15. Qxe3 Bxb2 16. c3 Bxa1 17. Rxa1 b6 18. Nd4 Bb7 19. Qe5 Bd5 20. Bb3 Bxb3 21. axb3 Qd5 22. Qxd5 exd5 23. Nc6 Rfe8 24. h3 Re3 25. Nb4 a5 26. Nxd5 Rxd3 27. Nxb6 Rb8 28. Nc4 Rxb3 29. Rxa5 Rbxc3 30. Ne5 Rd1+ 31. Kh2 Rc7 32. Ra6 Kg7 33. Nf3 h6 34. Kg3 Rb1 35. Ra2 Rcb7 36. Re2 R1b2 37. Re3 Ra2 38. Ne1 Rbb2 39. Kh2 Re2 40. Rxe2 Rxe2 41. Nf3 Re4 42. Kg3 Kf6 43. Nd2 Ra4 44. Kf3 Ra3+ 45. Kf2 Kf5 46. g3 h5 47. Nf3 f6 48. Nh4+ Ke4 49. Nxg6 Ra2+ 50. Kg1 Kf3 51. g4 hxg4 52. hxg4 Kxg4 53. Ne7 Kxf4 54. Nd5+ Kg3 55. Kf1 f5 56. Ne3 f4 57. Nf5+ Kf3 58. Nd4+ Ke4 59. Ne2 Ke3 60. Ng1 Ra1+ 61. Kg2 Rxg1+ 62. Kxg1 Ke2 0-1


[Site "https://www.chess.com"]

[Event "Late Titled Tuesday Blitz February 8 2022"]
[White "Beulen, Marcel"]
[Black "Calcada, Lucas Galvan"]
[WhiteFideId "1001450"]
[BlackFideId "22746099"]
[WhiteElo "2344"]
[BlackElo "1402"]
[Result "1-0"]
[Round "11"]
[TimeControl "180+1"]
[Date "2022.02.09"]
[WhiteClock "0:00:26"]
[BlackClock "0:01:12"]

1. e4 c5 2. Nf3 d6 3. Bc4 e6 4. O-O Nf6 5. Re1 Nc6 6. Bf1 Be7 7. c3 O-O 8. d3 b6 9. Nbd2 Bb7 10. a3 d5 11. Qe2 Ba6 12. e5 Nd7 13. b4 Rc8 14. Bb2 cxb4 15. axb4 Bb7 16. Nb3 Re8 17. b5 Na5 18. Nxa5 bxa5 19. d4 Nb6 20. Rxa5 Ra8 21. Rea1 Qb8 22. Nd2 Bd8 23. R5a2 Nd7 24. Qd1 Bb6 25. Nb3 Qc7 26. Na5 Rac8 27. Bd3 Nf8 28. h3 Ng6 29. g3 Ba8 30. Nb3 Bb7 31. Qe2 Ne7 32. Rc1 Nf5 33. Rc2 g6 34. Ba3 h5 35. Bc5 h4 36. g4 Ne7 37. Ra1 g5 38. Qd2 Ng6 39. Qxg5 Qd8 40. Qh5 Bxc5 41. Bxg6 1-0


[Site "https://www.chess.com"]

[Event "Late Titled Tuesday Blitz February 8 2022"]
[White "Borisova, Ekaterina"]
[Black "Miszler, Levente"]
[WhiteFideId "34124184"]
[BlackFideId "763276"]
[WhiteElo "2034"]
[BlackElo "1966"]
[Result "1-0"]
[Round "11"]
[TimeControl "180+1"]
[Date "2022.02.09"]
[WhiteClock "0:00:10"]
[BlackClock "0:00:09"]

1. d4 d5 2. c4 c6 3. cxd5 cxd5 4. Bf4 Nc6 5. e3 Bf5 6. Nc3 a6 7. Rc1 e6 8. Nf3 Bd6 9. Bg3 Bxg3 10. hxg3 Nf6 11. Bd3 Bxd3 12. Qxd3 Qa5 13. a3 h6 14. Kf1 Rc8 15. Kg1 Ne7 16. Ne5 Nf5 17. g4 Nd6 18. g5 Nfe4 19. gxh6 gxh6 20. Rh5 Nxc3 21. Rxc3 Rxc3 22. Qxc3 Qxc3 23. bxc3 Nb5 24. c4 Nxa3 25. cxd5 exd5 26. Nd3 Ke7 27. Rxd5 Rc8 28. Nc5 Rc7 29. g4 Nc4 30. Rh5 a5 31. Rxh6 b6 32. Nd3 a4 33. Kg2 a3 34. Nb4 Rb7 35. d5 Kd7 36. e4 Ra7 37. Na2 Ra5 38. Rc6 b5 39. f4 Ra4 40. e5 Ne3+ 41. Kf3 Nxd5 42. Rd6+ Kc7 43. Rxd5 Kc6 44. Rd3 b4 45. f5 Kb5 46. Nc1 a2 47. Nxa2 Rxa2 48. Rd7 b3 49. Rb7+ Kc4 50. Kf4 b2 51. Kg5 Kc3 52. Kf6 Ra4 53. Rxb2 Kxb2 54. Kxf7 Rxg4 55. e6 Rf4 56. f6 Rh4 57. e7 Rh7+ 58. Ke6 Rh3 59. f7 Re3+ 60. Kd7 Kc3 61. f8=Q Kd2 62. Ke8 Kd3 63. Qf7 Re4 64. Kf8 Rd4 65. e8=Q Kc3 66. Qf2 Rd3 67. Qc6+ Kb3 68. Qfc2+ Ka3 69. Q6c5# 1-0


[Site "https://www.chess.com"]

[Event "Late Titled Tuesday Blitz February 8 2022"]
[White "Cunha, Lucas Aguiar"]
[Black "Bauer, Thomas"]
[WhiteFideId "2125404"]
[BlackFideId "1639293"]
[WhiteElo "2361"]
[BlackElo "2220"]
[Result "1-0"]
[Round "11"]
[TimeControl "180+1"]
[Date "2022.02.09"]
[WhiteClock "0:01:40"]
[BlackClock "0:00:01"]

1. e4 c5 2. Nf3 e6 3. d4 cxd4 4. Nxd4 Nc6 5. Nc3 Qc7 6. Ndb5 Qb8 7. Be3 d6 8. f4 Nf6 9. Be2 Be7 10. Qd2 O-O 11. O-O-O a6 12. Nxd6 Rd8 13. e5 Ne8 14. Bc5 b6 15. Ba3 b5 16. Bc5 Qc7 17. Nce4 Na5 18. Qe3 Rb8 19. Ba7 Bxd6 20. exd6 Qb7 21. Bxb8 Qxb8 22. Qc3 b4 23. Qc5 Bb7 24. Bf3 Bxe4 25. Bxe4 Nb7 26. Qxb4 Nexd6 27. Bxb7 Rd7 28. Rd4 g5 29. Bc6 Nb5 30. Rxd7 Qb6 31. Be4 Qe3+ 32. Kb1 1-0


[Site "https://www.chess.com"]

[Event "Late Titled Tuesday Blitz February 8 2022"]
[White "Daggupati, Balaji"]
[Black "Jobava, Baadur"]
[WhiteFideId "2090759"]
[BlackFideId "13601520"]
[WhiteElo "2746"]
[BlackElo "2617"]
[Result "0-1"]
[Round "11"]
[TimeControl "180+1"]
[Date "2022.02.08"]
[WhiteClock "0:00:46"]
[BlackClock "0:02:27"]

1. e4 e5 2. Nf3 Nf6 3. Nc3 d5 4. exd5 Bd6 5. d3 O-O 6. Be2 c6 7. dxc6 Nxc6 8. O-O Re8 9. Bg5 Kh8 10. Nd2 Nd4 11. Bf3 h6 12. Bxf6 gxf6 13. Bd5 Rg8 14. Qh5 Bf8 15. Nce4 Qxd5 16. c3 Bg4 17. Qh4 Nf5 18. Qxf6+ Bg7 19. c4 Qd7 20. Nc5 Qe8 21. Nce4 Bxf6 22. Nxf6 0-1


[Site "https://www.chess.com"]

[Event "Late Titled Tuesday Blitz February 8 2022"]
[White "Deac, Bogdan-Daniel"]
[Black "Tang, Andrew"]
[WhiteFideId "1226380"]
[BlackFideId "2059630"]
[WhiteElo "2646"]
[BlackElo "2584"]
[Result "1-0"]
[Round "11"]
[TimeControl "180+1"]
[Date "2022.02.08"]
[WhiteClock "0:00:47"]
[BlackClock "0:00:01"]

1. d4 d5 2. c4 e6 3. Nf3 Nf6 4. g3 dxc4 5. Bg2 Nc6 6. Qa4 Bd7 7. Qxc4 Na5 8. Qd3 c5 9. O-O Bc6 10. Rd1 Be7 11. Nc3 O-O 12. e4 Qb6 13. Qe2 cxd4 14. Nxd4 Rfd8 15. Be3 Qb4 16. Rac1 Be8 17. a3 Qc4 18. Nd5 exd5 19. Rxc4 dxc4 20. Nf5 Bf8 21. Bd4 Nd7 22. e5 Nc6 23. Bc3 Nc5 24. Nd6 Bxd6 25. exd6 Nd3 26. Qg4 Nce5 27. Qd4 Bc6 28. Rxd3 1-0


[Site "https://www.chess.com"]

[Event "Late Titled Tuesday Blitz February 8 2022"]
[White "Debray, Christopher"]
[Black "Clawitter, Craig"]
[WhiteFideId "630810"]
[BlackFideId "2023105"]
[WhiteElo "2369"]
[BlackElo "2171"]
[Result "1/2-1/2"]
[Round "11"]
[TimeControl "180+1"]
[Date "2022.02.09"]
[WhiteClock "0:00:16"]
[BlackClock "0:01:11"]

1. d4 e6 2. c4 Nf6 3. g3 d5 4. Bg2 Be7 5. Nf3 O-O 6. O-O dxc4 7. Ne5 Nc6 8. Bxc6 bxc6 9. Nxc6 Qe8 10. Nxe7+ Qxe7 11. Na3 c5 12. dxc5 Qxc5 13. Be3 Qd5 14. Qxd5 exd5 15. Bd4 Ne4 16. f3 Ng5 17. Nb5 Ne6 18. Rfd1 Nxd4 19. Rxd4 Be6 20. Nc3 Rab8 21. b3 cxb3 22. axb3 Rxb3 23. Nxd5 Bxd5 24. Rxd5 Re3 25. Kf2 Rfe8 26. Ra2 g6 27. Rd7 R8e7 28. Rdxa7 Rxe2+ 29. Rxe2 Rxa7 30. f4 h5 31. Re3 Kg7 32. h3 Ra2+ 33. Kf3 Kf6 34. Rc3 Rh2 35. h4 Ra2 36. Rb3 Ra4 37. Rc3 Rb4 38. Rd3 1/2-1/2


[Site "https://www.chess.com"]